 Dungeon Crawl Stone Soup version 0.26-a0-778-g3fe0686644 (webtiles) character file.

Game seed: 1071783635714435870

1972 mandarbmax the Ducker (level 9, -2/93 HPs)
             Began as an Octopode Transmuter on Nov 10, 2020.
             Slain by a gnoll
             ... wielding a +0 spear
              (7 damage)
             ... on level 6 of the Dungeon.
             The game lasted 00:16:37 (8086 turns).

mandarbmax the Ducker (Octopode Transmuter)         Turns: 8086, Time: 00:16:38

Health: -2/93      AC:  2    Str: 10    XL:     9   Next: 20%
Magic:  6/12       EV: 27    Int: 15    God:
Gold:   309        SH:  0    Dex: 20    Spells: 6/12 levels left

rFire    . . .     SeeInvis +     - Unarmed
rCold    . . .     Faith    .   (shield currently unavailable)
rNeg     . . .     Spirit   .   (helmet currently unavailable)
rPois    x         Reflect  .   (no amulet)
rElec    .         Harm     .   d - ring of see invisible
rCorr    .         Rampage  .   (no ring)
MR       .....                  (no ring)
Stlth    ..........             (no ring)
HPRegen  0.25/turn              (no ring)
MPRegen  0.13/turn              (no ring)
                                (no ring)
                                (no ring)

@: berserking, lethally poisoned (-2 -> -25), spider-form, wereblooded, very
quick
A: tiny, almost no armour, stealthy swim, (amphibious), 8 rings, (constrict 8)
a: End Transformation


You were on level 6 of the Dungeon.
You were a venomous arachnid creature.
You visited 1 branch of the dungeon, and saw 6 of its levels.

You collected 309 gold pieces.

Inventory:

Jewellery
 d - a ring of see invisible (left front leg)
Wands
 b - a wand of polymorph (11)
 i - a wand of random effects (6)
Scrolls
 a - a scroll of immolation
 c - a scroll of blinking
 f - 3 scrolls of fog
 h - 2 scrolls of fear
 j - 5 scrolls of amnesia
 k - a scroll of remove curse
 n - a scroll of teleportation
Potions
 g - a potion of mutation
 m - a potion of brilliance


   Skills:
 - Level 6.0 Fighting
 + Level 7.1 Dodging
 - Level 6.0 Stealth
 - Level 6.0 Unarmed Combat
 - Level 2.0 Spellcasting
 - Level 3.0 Transmutations
 - Level 2.0 Poison Magic


You had 6 spell levels left.
You knew the following spells:

 Your Spells              Type           Power        Failure   Level
a - Beastly Appendage     Tmut           ##....       17%         1
b - Wereblood             Tmut           ##......     24%         2
c - Spider Form           Tmut/Pois      #.........   45%         3

Your spell library contained the following spells:

 Spells                   Type           Power        Failure   Level
 Confusing Touch          Hex            #.......     75%         3
 Gell's Gravitas          Tloc           #.........   75%         3
 Ice Form                 Ice/Tmut       #.......     89%         4
 Petrify                  Tmut/Erth      #.......     89%         4
 Blade Hands              Tmut           ##........   96%         5
 Yara's Violent Unravell  Hex/Tmut       #.........   99%         5
 Metabolic Englaciation   Hex/Ice        #.........   100%        5


Dungeon Overview and Level Annotations

Branches:
Dungeon (6/15)
 Temple: D:4-7

Altars:
Dithmenos
Ru
Xom


Innate Abilities, Weirdness & Mutations

You cannot wear most types of armour.
You are very stealthy in the water. (Stealth+)
((You are amphibious.))
You can wear up to eight rings at the same time.
((You can use your tentacles to constrict eight enemies at once.))
((Your skin changes colour to match your surroundings (Stealth+).))
((Your rubbery body absorbs attacks. (AC +1, EV +1)))


Message History

You feel better.
The big kobold hits you from afar with a +2 trident of venom!
* * * LOW HITPOINT WARNING * * *
You are lethally poisoned!
* * * LOW HITPOINT WARNING * * *
You feel very sick.
Unknown command.
It was a potion of berserk rage.
A red film seems to cover your vision as you go berserk!
You feel yourself moving faster!
You feel mighty!
* * * LOW HITPOINT WARNING * * *
You feel very sick. The big kobold misses you.
Your magical contamination has completely faded away.
You are too berserk!
You feel a strong urge to attack something.
* * * LOW HITPOINT WARNING * * *
You feel sick.
The gnoll hits you from afar with a +0 spear!
You die...

#.#######. #.# #.
#.# ###### #.#
#<.... #######.#
######
........########
#########.........
#..[..............
#s###########.....
#K# #.....
#g######## #.....
#gg......####.....
#........+........
#....../.#########
#..........
#....!...##
#........#


You could see a big kobold (very poisoned) and 3 gnolls.

Vanquished Creatures
  Pikel (D:5)
  An orc warrior (D:6)
  4 phantoms
  An ogre (D:5)
  2 centaurs (D:5)
  4 lemures (D:5)
  A bullfrog (D:6)
  A scorpion (D:4)
  A centaur zombie (D:5)
  A hound (D:6)
  A quasit (D:6)
  A bullfrog skeleton (D:2)
  4 orc priests
  An orc wizard (D:3)
  2 iguanas
  Ijyb (D:5)
  4 worker ants
  2 hound skeletons (D:5)
  A howler monkey zombie (D:5)
  8 adders
  A shadow imp (D:3)
  2 ufetubi (D:6)
  4 worms
  3 dart slugs
  5 leopard geckos
  22 orcs
  12 bats
  8 giant cockroaches
  11 goblins
  11 hobgoblins
  10 jackals
  5 quokkas
  4 frilled lizards
  A jackal skeleton (D:3)
  12 kobolds
  A leopard gecko zombie (D:6)
  10 rats
164 creatures vanquished.

Vanquished Creatures (others)
  A hound (D:5)
  An orc (D:5)
2 creatures vanquished.

Grand Total: 166 creatures vanquished

Notes
Turn   | Place    | Note
-------+----------+-------------------------------------------
     0 | D:1      | mandarbmax the Octopode Transmuter began the quest for the
                  | Orb.
     0 | D:1      | Reached XP level 1. HP: 13/13 MP: 3/3
     3 | D:1      | Noticed an electric eel
     3 | D:1      | Noticed an electric eel
   337 | D:1      | Reached XP level 2. HP: 18/18 MP: 3/5
   455 | D:1      | Learned a level 2 spell: Wereblood
   515 | D:1      | Reached XP level 3. HP: 7/23 MP: 3/6
   777 | D:1      | Learned a level 3 spell: Spider Form
  1616 | D:2      | Reached XP level 4. HP: 24/29 MP: 4/7
  1657 | D:2      | Reached skill level 3 in Dodging
  1990 | D:2      | Reached XP level 5. HP: 16/35 MP: 5/8
  2761 | D:2      | Found a shadowy altar of Dithmenos.
  2761 | D:2      | Found a sacrificial altar of Ru.
  2942 | D:3      | Found a faded altar of an unknown god.
  3470 | D:3      | Reached XP level 6. HP: 42/42 MP: 5/9
  3817 | D:3      | Reached skill level 4 in Dodging
  4358 | D:4      | Noticed a phantom
  4373 | D:4      | Killed a phantom
  4373 | D:4      | Reached skill level 5 in Unarmed Combat
  4736 | D:4      | Noticed a phantom
  4747 | D:4      | Killed a phantom
  4747 | D:4      | Reached XP level 7. HP: 27/48 MP: 1/10
  4934 | D:4      | Reached skill level 1 in Stealth
  5500 | D:5      | Entered Level 5 of the Dungeon
  5609 | D:5      | Found a shimmering altar of Xom.
  5638 | D:5      | Noticed Pikel
  5677 | D:5      | Killed Pikel
  5677 | D:5      | Reached skill level 5 in Dodging
  5677 | D:5      | Reached skill level 5 in Stealth
  5677 | D:5      | Reached XP level 8. HP: 23/54 MP: 2/11
  6007 | D:5      | Reached skill level 6 in Dodging
  6082 | D:5      | Noticed Ijyb
  6100 | D:5      | Killed Ijyb
  6397 | D:5      | Reached skill level 5 in Fighting
  7157 | D:6      | Reached XP level 9. HP: 42/62 MP: 4/12
  7726 | D:6      | Reached skill level 7 in Dodging
  8086 | D:6      | Slain by a gnoll

Illustrated notes

Levels and vault maps discovered:
D:1:      arrival_aquarium_b, layout_rooms
D:2:      minmay_wonky_spiral, layout_rooms, gammafunk_temple_overflow_elements
D:3:      layout_rooms, chequers_ecumenical_altar_twisty,
          minmay_fractal_squares_diagonal_5
D:4:      layout_basic
D:5:      layout_loops_ring, nicolae_overflow_hidden_temple, uniq_pikel,
          uniq_ijyb
D:6:      layout_basic

Skill      XL: |  1  2  3  4  5  6  7  8  9 |
---------------+----------------------------+-----
Fighting       | 2 3 4 6 |  6.0
Unarmed Combat | 4 5 6 |  6.0
Dodging        | 3 4 5 6 7 |  7.1
Poison Magic   | 2 |  2.0
Transmutations | 3 |  3.0
Stealth        | 5 6 |  6.0
Spellcasting   | |  2.0

Action                   |  1- 3 |  4- 6 |  7- 9 || total
-------------------------+-------+-------+-------++-------
Melee: Unarmed           |    73 |   179 |   210 ||   462
       Constrict         |    25 |    43 |     1 ||    69
       Kick              |    16 |    33 |       ||    49
       Tentacles         |    13 |    16 |     5 ||    34
       Punch             |     2 |     3 |       ||     5
 Cast: Beastly Appendage |    17 |    31 |       ||    48
       Wereblood         |     7 |    18 |     5 ||    30
       Spider Form       |       |     2 |    24 ||    26
Evoke: Wand              |       |     5 |     6 ||    11
  Use: Potion            |     2 |     3 |     6 ||    11
       Scroll            |       |       |    13 ||    13
 Stab: Sleeping          |     6 |     3 |    14 ||    23
       Invisible         |       |       |     5 ||     5
Armor: Skin              |     7 |    24 |     6 ||    37
Dodge: Dodged            |    48 |   111 |   194 ||   353

Table legend: (Time is in decaauts)
 A = Elapsed time spent in this place.
 B = Non-inter-level travel time spent in this place.
 C = Inter-level travel time spent in this place.
 D = Time resting spent in this place.
 E = Time spent auto-exploring this place.
 F = Levels seen in this place.
 G = Mean time per level.
                   A        B        C        D        E       F      G
               +--------+--------+--------+--------+--------+-----+--------+
         Total |   8045 |   7937 |    108 |   3742 |   3015 |   6 | 1340.8 |
       Dungeon |   8045 |   7937 |    108 |   3742 |   3015 |   6 | 1340.8 |
               +--------+--------+--------+--------+--------+-----+--------+

Top non-repeatable levels by time:
     D:1: 1581 daAuts
     D:3: 1489 daAuts
     D:4: 1469 daAuts
     D:5: 1324 daAuts
     D:2: 1189 daAuts
     D:6: 990 daAuts
